 Dungeon Crawl Stone Soup version 0.29.1 (webtiles) character file.

Game seed: 1550846642751757184

2332 qw the Cleaver (level 9, -7/55 HPs)
             Began as a Gargoyle Fighter on Sept 13, 2022.
             Was an Initiate of Okawaru.
             Killed from afar by a will-o-the-wisp (27 damage)
             ... with a foxfire
             ... on level 1 of the Abyss.
             The game lasted 00:02:11 (8150 turns).

qw the Cleaver (Gargoyle Fighter)                   Turns: 8150, Time: 00:02:11

Health: -7/55      AC: 23    Str: 25    XL:     9   Next: 42%
Magic:  9/9        EV:  6    Int:  8    God:    Okawaru [......]
Gold:   258        SH:  9    Dex:  9    Spells: 8/8 levels left

rFire   . . .      SeeInvis .   Y - +3 war axe (drain)
rCold   . . .      Faith    .   n - +0 kite shield
rNeg    + + +      Spirit   .   m - +0 plate armour
rPois   inf        Reflect  .   h - +2 helmet
rElec   +          Harm     .   (no cloak)
rCorr   .          Rampage  .   (no gloves)
Will    .....                   e - +0 pair of boots
Stlth   ..........              (no amulet)
HPRegen 0.18/turn               c - ring of positive energy
MPRegen 0.11/turn               p - ring of positive energy

@: no status effects
A: sickness immunity, AC +6, negative energy resistance 1, electricity
resistance, torment resistance 1, petrification resistance
a: Renounce Religion


You were on level 1 of the Abyss.
You worshipped Okawaru.
Okawaru was noncommittal.
You visited 2 branches of the dungeon, and saw 8 of its levels.
You visited the Abyss 1 time.

You collected 258 gold pieces.


Innate Abilities, Weirdness & Mutations

You are immune to sickness and miasma.
Your stone body is resilient. (AC +6)
You are immune to poison.
You resist negative energy. (rN+)
You are resistant to electric shocks. (rElec)
You are resistant to unholy torment.
You are immune to petrification.


   Skills:
 - Level 6.0 Fighting
 - Level 8.0 Axes
 - Level 2.3 Throwing
 - Level 5.2 Armour
 - Level 1.4 Dodging
 + Level 7.0 Shields


You had 8 spell levels left.
You didn't know any spells.
Your spell library was empty.

Inventory:

Hand Weapons
 g - a +0 flail
 Y - a +3 war axe of draining (weapon)
Missiles
 i - a boomerang
 u - a javelin (quivered)
Armour
 e - a +0 pair of boots (worn)
 h - a +2 helmet (worn)
 m - a +0 plate armour (worn)
 n - a +0 kite shield (worn)
Jewellery
 c - a ring of positive energy (left hand)
 p - a ring of positive energy (right hand)
Scrolls
 a - a scroll of identify
 s - a scroll of blinking
Potions
 b - a potion of curing
 d - a potion of might
 f - a potion of resistance
 j - a potion of haste
 l - a potion of flight {unknown}
 o - a potion of brilliance {unknown}
 q - a potion of heal wounds
 r - a potion of invisibility {unknown}
 t - a potion of magic {unknown}
 v - a potion of lignification {unknown}

Dungeon Overview and Level Annotations

Branches:
Dungeon (7/15)             Temple (1/1) D:6

Altars:
Ashenzari
Cheibriados
Dithmenos
Elyvilon
Fedhas
Gozag
Hepliaklqana
Kikubaaqudgha
Nemelex Xobeh
Okawaru
Ru
Sif Muna
Trog
Uskayaw
Wu Jian
Xom
Yredelemnul
Zin
The Shining One

Shops:
D:5 (   D:6 =   D:7 =

Annotations:
D:4 1 runed translucent door, Crazy Yiuf
D:7 Maggie


Message History

Enter note: Maggie casts a spell at you.
The bolt of fire hits you! You block Maggie's attack.
You hit Maggie.
Maggie is lightly wounded.
Maggie barely misses you.
You completely miss Maggie.
Maggie is lightly wounded.
You block Maggie's attack.
Maggie hits you with a +2 halberd of distortion.
Space warps horribly around you!
8118 ||| INVOKING Heroism.
You gain the combat prowess of a mighty hero.
You can no longer gain great but temporary skills.
Maggie hits you but does no damage.
You slash Maggie!
Maggie is moderately wounded.
You block Maggie's attack.
You barely miss Maggie.
Maggie is moderately wounded.
Maggie hits you but does no damage.
You are cast into the Abyss!
This branch contains the abyssal rune of Zot.
8121 ||| READING 3 scrolls of identify.
As you read the scroll of identify, it crumbles to dust.
j - a potion of haste;
8121 ||| IDENTIFYING golden potion
8122 ||| READING 2 scrolls of identify.
As you read the scroll of identify, it crumbles to dust.
k - a potion of berserk rage;
8122 ||| IDENTIFYING fuming pink potion
8123 ||| DROPPING potion of berserk rage.
You drop a potion of berserk rage.
You feel like a meek peon again.
A will-o-the-wisp comes into view.
8147 ||| Stepping ~*~*~tactically~*~*~ (stealth).
The will-o-the-wisp gestures.
The will-o-the-wisp conjures some foxfire! 2 foxfires come into view.
The foxfire hits you! The foxfire hits you!!
You die...

#####
..####...##
.......!..##
..######..@#
#...v¤v...#
#..##.¤.####
#.. ##...#
..## ..##
... .... ..
..#. .##..


You could see a will-o-the-wisp.

Vanquished Creatures
  A troll (D:6)
  Menkaure (D:7)
  Duvessa (D:5)
  3 ice beasts
  An orc warrior (D:7)
  A sky beast (D:7)
  2 black bears
  An ogre (D:6)
  A gnoll sergeant (D:6)
  3 scorpions
  Dowan (D:5)
  5 killer bees (D:7)
  2 howler monkeys
  2 orc priests (D:5)
  2 hounds
  Jessica (D:3)
  5 iguanas
  Natasha (thrice) (D:3)
  An orc wizard (D:7)
  5 gnolls (D:6)
  4 adders
  2 shadow imps
  2 white imps
  An ufetubus (D:5)
  3 worms (D:2)
  3 dart slugs
  10 orcs
  2 ball pythons
  7 endoplasms
  6 goblins
  8 hobgoblins
  4 jackals (D:3)
  7 kobolds
  3 training dummies (D:5)
  3 bats
  A frilled lizard (D:3)
  3 rats
111 creatures vanquished.

Vanquished Creatures (others)
  A foxfire (Abyss:1)
1 creature vanquished.

Grand Total: 112 creatures vanquished

Notes
Turn   | Place    | Note
-------+----------+-------------------------------------------
     0 | D:1      | qw the Gargoyle Fighter began the quest for the Orb.
     0 | D:1      | Reached XP level 1. HP: 14/14 MP: 1/1
     0 | D:1      | 0 ||| qw: Version: 0.1-a-119-g272c26d
     0 | D:1      | 0 ||| qw: Game counter: 11266
     0 | D:1      | 0 ||| qw: Always use a shield: true
     0 | D:1      | 0 ||| qw: God list: Okawaru
     0 | D:1      | 0 ||| qw: Allow faded altars: false
     0 | D:1      | 0 ||| qw: Do Orc after D:15 true
     0 | D:1      | 0 ||| qw: Do second Lair branch before Depths: true
     0 | D:1      | 0 ||| qw: Lair rune preference: random
     0 | D:1      | 0 ||| qw: Plans: Normal, Zot, God:TSO, Crypt, Tomb, Pan,
                  | Slime, Hells, Zig, Abyss, Orb
     0 | D:1      | 0 ||| PLANNING D:1-11
   112 | D:1      | Reached skill level 2 in Axes
   251 | D:1      | HP: 3/14 [hobgoblin (1)]
   576 | D:1      | Reached XP level 2. HP: 19/19 MP: 2/2
   877 | D:1      | 877 ||| DROPPING +0 club.
  1010 | D:1      | Reached skill level 3 in Axes
  1265 | D:1      | 1265 ||| UPGRADING to +2 helmet.
  1270 | D:1      | 1270 ||| READING 2 scrolls labelled YXKIW KOXOBA.
  1271 | D:1      | 1271 ||| READING scroll labelled QAXOLIY DEWN.
  1275 | D:1      | 1275 ||| READING scroll labelled LOESCH XOANTELL.
  1336 | D:2      | Reached XP level 3. HP: 21/23 MP: 3/3
  1603 | D:2      | 1603 ||| Stepping ~*~*~tactically~*~*~ (stealth).
  1780 | D:2      | Found a sacrificial altar of Ru.
  2064 | D:2      | 2064 ||| UPGRADING to +0 pair of boots.
  2069 | D:2      | 2069 ||| UPGRADING to +0 plate armour.
  2079 | D:2      | 2079 ||| DROPPING +0 scale mail.
  2080 | D:2      | 2080 ||| UPGRADING to +0 kite shield.
  2090 | D:2      | 2090 ||| DROPPING +0 buckler.
  2091 | D:2      | 2091 ||| READING 2 scrolls labelled DERPHA VITEHOSM.
  2092 | D:2      | 2092 ||| READING scroll labelled UFUUMU DAUCETE.
  2093 | D:2      | 2093 ||| READING scroll labelled ANWAIBB BEKAUPIR.
  2094 | D:2      | 2094 ||| DROPPING scroll of poison.
  2113 | D:3      | Noticed Jessica
  2116 | D:3      | Killed Jessica
  2117 | D:3      | Reached XP level 4. HP: 25/28 MP: 4/4
  2144 | D:3      | 2144 ||| Stepping ~*~*~tactically~*~*~ (stealth).
  2145 | D:3      | 2145 ||| Stepping ~*~*~tactically~*~*~ (stealth).
  2146 | D:3      | 2146 ||| Stepping ~*~*~tactically~*~*~ (stealth).
  2309 | D:3      | 2309 ||| Stepping ~*~*~tactically~*~*~ (stealth).
  2439 | D:3      | Noticed Natasha
  2445 | D:3      | Killed Natasha
  2446 | D:3      | Reached skill level 4 in Axes
  2568 | D:3      | Noticed Natasha
  2569 | D:3      | 2569 ||| Stepping ~*~*~tactically~*~*~ (hiding).
  2581 | D:3      | Killed Natasha
  2582 | D:3      | Reached XP level 5. HP: 23/32 MP: 5/5
  2846 | D:3      | 2846 ||| DROPPING +0 whip.
  2873 | D:3      | Noticed Natasha
  2883 | D:3      | Killed Natasha
  3087 | D:3      | 3087 ||| UPGRADING to ring of positive energy.
  3088 | D:3      | 3088 ||| READING scroll labelled SIN JOXOSHU.
  3305 | D:4      | Found a glowing silver altar of Zin.
  3414 | D:4      | 3414 ||| Stepping ~*~*~tactically~*~*~ (stealth).
  3566 | D:4      | Reached XP level 6. HP: 37/37 MP: 6/6
  3688 | D:4      | Found a runed translucent door.
  3689 | D:4      | Noticed Crazy Yiuf
  4138 | D:4      | 4138 ||| READING scroll labelled DABLUHA JOHUZU.
  4139 | D:4      | 4139 ||| DRINKING 2 bubbling pink potions.
  4140 | D:4      | 4140 ||| DRINKING 2 emerald potions.
  4188 | D:5      | Entered Level 5 of the Dungeon
  4189 | D:5      | 4189 ||| STAIRDANCE
  4324 | D:5      | 4324 ||| STAIRDANCE
  4448 | D:5      | Noticed an ice beast
  4459 | D:5      | HP: 7/37 [ice beast (13)]
  4460 | D:5      | 4460 ||| READING 2 scrolls of teleportation.
  4461 | D:5      | 4461 ||| DRINKING potion of heal wounds.
  4464 | D:5      | Killed an ice beast
  4465 | D:5      | Reached skill level 5 in Axes
  4674 | D:5      | 4674 ||| Stepping ~*~*~tactically~*~*~ (stealth).
  4676 | D:5      | 4676 ||| Stepping ~*~*~tactically~*~*~ (stealth).
  4677 | D:5      | 4677 ||| Stepping ~*~*~tactically~*~*~ (stealth).
  4707 | D:5      | Found an opulent altar of Gozag.
  4707 | D:5      | Found an ancient bone altar of Kikubaaqudgha.
  4709 | D:5      | Found a snail-covered altar of Cheibriados.
  4716 | D:5      | 4716 ||| Stepping ~*~*~tactically~*~*~ (stealth).
  4725 | D:5      | Reached XP level 7. HP: 41/43 MP: 7/7
  4792 | D:5      | Found Kimomom's Firing Range.
  4805 | D:5      | 4805 ||| Stepping ~*~*~tactically~*~*~ (stealth).
  4817 | D:5      | 4817 ||| Stepping ~*~*~tactically~*~*~ (stealth).
  4844 | D:5      | 4844 ||| Stepping ~*~*~tactically~*~*~ (hiding).
  4855 | D:5      | Reached skill level 6 in Axes
  4949 | D:5      | Found a glowing golden altar of the Shining One.
  4972 | D:5      | Noticed Dowan
  4973 | D:5      | 4973 ||| Stepping ~*~*~tactically~*~*~ (stealth).
  4975 | D:5      | 4975 ||| Stepping ~*~*~tactically~*~*~ (hiding).
  4976 | D:5      | 4976 ||| Stepping ~*~*~tactically~*~*~ (hiding).
  4983 | D:5      | Killed Dowan
  4984 | D:5      | Reached skill level 1 in Throwing
  5012 | D:5      | 5012 ||| Stepping ~*~*~tactically~*~*~ (stealth).
  5020 | D:5      | Reached skill level 6 in Shields
  5024 | D:5      | Found a sacrificial altar of Ru.
  5024 | D:5      | Noticed Duvessa
  5025 | D:5      | 5025 ||| Stepping ~*~*~tactically~*~*~ (stealth).
  5026 | D:5      | 5026 ||| Stepping ~*~*~tactically~*~*~ (stealth).
  5033 | D:5      | 5033 ||| Stepping ~*~*~tactically~*~*~ (stealth).
  5034 | D:5      | 5034 ||| Stepping ~*~*~tactically~*~*~ (stealth).
  5046 | D:5      | HP: 4/43 [Duvessa/+0 short sword (7)]
  5047 | D:5      | 5047 ||| READING scroll of teleportation.
  5048 | D:5      | 5048 ||| DRINKING potion of heal wounds.
  5231 | D:5      | Found a basalt altar of Yredelemnul.
  5388 | D:5      | Found a hide-covered altar of Uskayaw.
  5440 | D:5      | Found a broken altar of Ashenzari.
  5459 | D:5      | 5459 ||| Stepping ~*~*~tactically~*~*~ (stealth).
  5466 | D:5      | Reached XP level 8. HP: 48/48 MP: 8/8
  5576 | D:5      | 5576 ||| UPGRADING to ring of positive energy.
  5577 | D:5      | 5577 ||| READING scroll labelled ACHEIL LIGREBA.
  5578 | D:5      | 5578 ||| READING scroll labelled XOYTTAEDIO.
  5604 | D:5      | HP: 10/48 [Duvessa/+0 short sword (13)]
  5607 | D:5      | HP: 4/48 [Duvessa/+0 short sword (6)]
  5611 | D:5      | Killed Duvessa
  6051 | D:6      | 6051 ||| READING scroll of enchant weapon.
  6051 | D:6      | 6051 ||| ENCHANTING +1 war axe of draining.
  6059 | D:6      | Noticed a troll
  6060 | D:6      | 6060 ||| Stepping ~*~*~tactically~*~*~ (stealth).
  6080 | D:6      | Killed a troll
  6081 | D:6      | Reached skill level 7 in Axes
  6169 | D:6      | 6169 ||| FLEEEEING.
  6332 | D:6      | Found a sparkling altar of Nemelex Xobeh.
  6490 | D:6      | 6490 ||| READING scroll of enchant weapon.
  6490 | D:6      | 6490 ||| ENCHANTING +2 war axe of draining.
  6592 | D:6      | Found a staircase to the Ecumenical Temple.
  6593 | D:6      | 6593 ||| PLANNING TEMPLE
  6593 | D:6      | 6593 ||| READING 2 scrolls of identify.
  6593 | D:6      | 6593 ||| IDENTIFYING bubbling white potion
  6604 | D:6      | Reached skill level 1 in Dodging
  6605 | Temple   | Entered the Ecumenical Temple
  6640 | Temple   | 6640 ||| PLANNING D:1-11
  6642 | Temple   | Became a worshipper of Warmaster Okawaru
  6652 | D:6      | 6652 ||| Stepping ~*~*~tactically~*~*~ (hiding).
  6706 | D:6      | Found Gausk's Jewellery Shop.
  6870 | D:6      | 6870 ||| SHOPLISTING amulet of regeneration (390 gold, have
                  | 223).
  6870 | D:6      | 6870 ||| SHOPLISTING ring "Wirel" {Fire rElec Will+ SInv}
                  | (634 gold, have 223).
  6870 | D:6      | 6870 ||| SHOPLISTING ring of fire (325 gold, have 223).
  6870 | D:6      | 6870 ||| SHOPLISTING ring of protection from fire (325
                  | gold, have 223).
  6870 | D:6      | 6870 ||| SHOPLISTING ring of the Monkey {rF++ rC+ Str+2}
                  | (698 gold, have 223).
  6870 | D:6      | 6870 ||| SHOPLISTING ring of willpower (325 gold, have
                  | 223).
  7082 | D:6      | Reached XP level 9. HP: 43/54 MP: 9/9
  7380 | D:6      | 7380 ||| DROPPING amulet of magic regeneration.
  7430 | D:7      | Found Todihecs's Jewellery Shop.
  7439 | D:7      | 7439 ||| SHOPLISTING amulet of regeneration (450 gold, have
                  | 239).
  7439 | D:7      | 7439 ||| SHOPLISTING amulet of the acrobat (450 gold, have
                  | 239).
  7439 | D:7      | 7439 ||| SHOPLISTING ring "Dimnoem" {Drain Int+2 Dex+4
                  | SInv} (435 gold, have 239).
  7439 | D:7      | 7439 ||| SHOPLISTING ring of resist corrosion (300 gold,
                  | have 239).
  7472 | D:7      | 7472 ||| Stepping ~*~*~tactically~*~*~ (stealth).
  7486 | D:7      | Reached skill level 8 in Axes
  7729 | D:7      | 7729 ||| Stepping ~*~*~tactically~*~*~ (hiding).
  7839 | D:7      | Noticed Menkaure
  7847 | D:7      | Killed Menkaure
  7847 | D:7      | Reached * piety under Okawaru
  7848 | D:7      | Reached skill level 6 in Fighting
  8111 | D:7      | Noticed Maggie
  8112 | D:7      | 8112 ||| Stepping ~*~*~tactically~*~*~ (hiding).
  8118 | D:7      | 8118 ||| INVOKING Heroism.
  8120 | Abyss:1  | Cast into level 1 of the Abyss (Maggie)
  8121 | Abyss:1  | 8121 ||| READING 3 scrolls of identify.
  8121 | Abyss:1  | 8121 ||| IDENTIFYING golden potion
  8122 | Abyss:1  | 8122 ||| READING 2 scrolls of identify.
  8122 | Abyss:1  | 8122 ||| IDENTIFYING fuming pink potion
  8123 | Abyss:1  | 8123 ||| DROPPING potion of berserk rage.
  8146 | Abyss:1  | Noticed a will-o-the-wisp
  8147 | Abyss:1  | 8147 ||| Stepping ~*~*~tactically~*~*~ (stealth).
  8150 | Abyss:1  | Killed from afar by a will-o-the-wisp

Levels and vault maps discovered:
D:1:      dpeg_arrival_stonehenge_8_columns, layout_loops_ring
D:2:      layout_basic, basic_altar, minivault_19, minmay_fractal_squares_5
D:3:      layout_loops_ring, minmay_misc_feat_rugged, kennysheep_path_1,
          uniq_jessica, uniq_natasha
D:4:      layout_basic, amcnicky_altar_gilded, uniq_crazy_yiuf_cottage
D:5:      layout_cave_pools, nicolae_tso_carved_into_rock,
          nicolae_uskayaw_suspiria, mainiacjoe_overflow_alcove_2,
          lemuel_round_altar, nicolae_overflow_quartered_altars,
          nicolae_shop_firing_range, uniq_duvessa
D:6:      layout_basic, lemuel_doored_altar, minmay_temple_entry_glass,
          serial_shops, nicolae_inconvenience_store, minmay_misc_feat_x
D:7:      layout_layer_cave, serial_shops, shop,
          hangedman_decor_clover_reticule, uniq_menkaure, uniq_pikel,
          uniq_maggie
Temple:   nicolae_temple_cloud_nine
Abyss:1:  base:
D:7

Skill      XL: |  1  2  3  4  5  6  7  8  9 |
---------------+----------------------------+-----
Axes           | 2 3 4 5 6 7 8 |  8.0
Shields        | 4 5 6 7 |  7.0
Fighting       | 4 5 6 |  6.0
Throwing       | 1 2 |  2.3
Armour         | 4 5 |  5.2
Dodging        | 1 |  1.4

Action                   |  1- 3 |  4- 6 |  7- 9 || total
-------------------------+-------+-------+-------++-------
Melee: War axe           |    86 |   115 |   166 ||   367
Throw: Boomerang         |       |       |    18 ||    18
       Javelin           |       |       |    13 ||    13
Invok: Heroism           |       |       |     1 ||     1
  Use: Scroll            |     6 |     3 |     8 ||    17
       Potion            |       |     3 |     1 ||     4
Armor: Scale mail        |    27 |       |       ||    27
       Plate armour      |       |    83 |   117 ||   200
Dodge: Dodged            |    29 |    19 |    40 ||    88
Block: Buckler           |    13 |       |       ||    13
       Kite shield       |     1 |    43 |    83 ||   127

Table legend:
 A = Non-vault XP
 B = Vault XP
 C = Vault XP percentage of total XP
 D = Non-vault monster count
 E = Vault monster count
 F = Vault count percentage of total count
                 A         B        C        D         E       F
            +---------+---------+-------+---------+---------+-------
      Total |    2862 |     470 |  14.1 |      99 |      12 |  10.8
            +---------+---------+-------+---------+---------+-------
        D:1 |      32 |       0 |   0.0 |      16 |       0 |   0.0
        D:2 |      27 |       7 |  20.6 |       8 |       4 |  33.3
        D:3 |      98 |      72 |  42.4 |      16 |       2 |  11.1
        D:4 |     167 |       0 |   0.0 |      11 |       0 |   0.0
        D:5 |     735 |     219 |  23.0 |      17 |       5 |  22.7
        D:6 |    1184 |       0 |   0.0 |      20 |       0 |   0.0
        D:7 |     619 |     172 |  21.7 |      11 |       1 |   8.3
            +---------+---------+-------+---------+---------+-------
